 Dungeon Crawl Stone Soup version 0.31-a0-221-gbddc013574 (webtiles) character file.

Game seed: 17447691036612005444

74 qw the Shooter (level 4, -1/26 HPs)
             Began as a Gargoyle Hexslinger on July 4, 2023.
             Slain by an orc wizard
             ... wielding a +0 dagger
              (3 damage)
             ... on level 2 of the Dungeon.
             The game lasted 00:00:51 (1168 turns).

qw the Shooter (Gargoyle Hexslinger)                Turns: 1168, Time: 00:00:51

Health: -1/26      AC:  6    Str: 10 (11) XL:     4   Next: 28%
Magic:  5/5        EV: 17    Int: 12 (14) God:
Gold:   33         SH:  0    Dex: 12 (14) Spells: 4/5 levels left

rFire   . . .        Y - +1 sling
rCold   . . .        (no shield)
rNeg    + . .        c - +0 robe
rPois   inf          (no helmet)
rElec   +            (no cloak)
rCorr   .            (no gloves)
SInv    .            g - +0 pair of boots
Will    .....        (no amulet)
Stlth   +            f - +5 ring of evasion
HPRegen 0.24/turn    (no ring)
MPRegen 0.09/turn

%: no passive effects
@: confused
A: sickness immunity, AC +3, negative energy resistance 1, electricity
resistance, torment resistance 1, petrification resistance
a: no special abilities


You were on level 2 of the Dungeon.
You visited 1 branch of the dungeon, and saw 3 of its levels.

You collected 33 gold pieces.


Innate Abilities, Weirdness & Mutations

You are immune to sickness and miasma.
Your stone body is resilient. (AC +3)
You are immune to poison.
You resist negative energy. (rN+)
You are resistant to electric shocks. (rElec)
You are resistant to unholy torment.
You are immune to petrification.


   Skills:
 - Level 2.0 Fighting
 + Level 4.1 Ranged Weapons
 - Level 1.5 Dodging
 - Level 1.0 Spellcasting
 - Level 2.6 Hexes


You had 4 spell levels left.
You knew the following spells:

 Your Spells              Type           Power      Damage    Failure   Level
a - Slow                  Hex            28%        N/A       10%         1

Your spell library contained the following spells:

 Spells                   Type           Power      Damage    Failure   Level
 Inner Flame              Hex/Fire       3%         N/A       45%         3
 Portal Projectile        Hex/Tloc       6%         N/A       45%         3
 Cause Fear               Hex            3%         N/A       69%         4

Inventory:

Hand Weapons
 Y - a +1 sling (weapon)
Armour
 c - a +0 robe (worn)
 g - a +0 pair of boots (worn)
Jewellery
 f - a +5 ring of evasion (left hand)
Scrolls
 a - a scroll of identify
Potions
 e - a potion of heal wounds
 h - a potion of brilliance {unknown}
 k - a potion of haste

Dungeon Overview and Level Annotations

Branches:
Dungeon (3/15)

Altars:


Message History

The magic dart hits you. Something barely misses you.
You shoot a sling bullet. Something hits you but does no damage.
You shoot a sling bullet. Something barely misses you.
You shoot a sling bullet. Something hits you but does no damage.
You shoot a sling bullet. Something hits you but does no damage.
You shoot a sling bullet. Something hits you but does no damage.
Something hits you.
You shoot a sling bullet. Something hits you.
You shoot a sling bullet. Something hits you but does no damage.
You shoot a sling bullet. Something hits you.
You shoot a sling bullet. Something barely misses you.
You shoot a sling bullet.
You hear some strange, mumbled words.
Something tries to affect you, but you resist.
You shoot a sling bullet. Something completely misses you.
You hear some strange, mumbled words.
Something tries to affect you, but you resist.
You shoot a sling bullet.
You hear some strange, mumbled words.
You are confused.
You shoot a sling bullet. Something hits you.
You shoot a sling bullet.
You hear some strange, mumbled words.
A magic dart appears from out of thin air!
The magic dart hits you.
You shoot a sling bullet. Something hits you but does no damage.
You shoot a sling bullet. Something hits you but does no damage.
Something hits you.
You die...

# #..# #..# #..# # #..#
##.# ##.## ####..#
#.#####..###### ......##
#.##..........# #.#....##
##.##..........#
#.......###..()..........#
###......................#
##............{........#
#.>..###.....@........#
#....# ################
#....# ######


There were no monsters in sight!

Vanquished Creatures
  An adder (D:2)
  3 dart slugs
  2 orcs (D:3)
  3 ball pythons
  4 endoplasms
  3 giant cockroaches
  7 goblins
  5 hobgoblins
  4 quokkas
  3 bats
  4 frilled lizards
  7 kobolds
  9 rats
55 creatures vanquished.

Notes
Turn   | Place    | Note
-------+----------+-------------------------------------------
     0 | D:1      | qw the Gargoyle Hexslinger began the quest for the Orb.
     0 | D:1      | Reached XP level 1. HP: 12/12 MP: 2/2
     0 | D:1      | 0 ||| qw: Version: 0.3-a-41-g9d075ac
     0 | D:1      | 0 ||| qw: Game counter: 825
     0 | D:1      | 0 ||| qw: Melee chars always use a shield: true
     0 | D:1      | 0 ||| qw: God list: Okawaru
     0 | D:1      | 0 ||| qw: Allow faded altars: false
     0 | D:1      | 0 ||| qw: Do Orc after clearing Dungeon:15 true
     0 | D:1      | 0 ||| qw: Do second Lair branch before Depths: true
     0 | D:1      | 0 ||| qw: Lair rune preference: random
     0 | D:1      | 0 ||| qw: Goals: Normal
     0 | D:1      | 0 ||| PLANNING D:1-11
    39 | D:1      | Reached XP level 2. HP: 8/16 MP: 3/3
    39 | D:1      | 39 ||| FLEEEEING.
    40 | D:1      | 40 ||| FLEEEEING.
    41 | D:1      | 41 ||| FLEEEEING.
    42 | D:1      | 42 ||| FLEEEEING.
    43 | D:1      | 43 ||| FLEEEEING.
    44 | D:1      | 44 ||| FLEEEEING.
    45 | D:1      | 45 ||| FLEEEEING.
    46 | D:1      | 46 ||| FLEEEEING.
    47 | D:1      | 47 ||| FLEEEEING.
    49 | D:1      | 49 ||| FLEEEEING.
    50 | D:1      | 50 ||| FLEEEEING.
    51 | D:1      | 51 ||| FLEEEEING.
    52 | D:1      | 52 ||| FLEEEEING.
    53 | D:1      | 53 ||| FLEEEEING.
    54 | D:1      | 54 ||| FLEEEEING.
    55 | D:1      | 55 ||| FLEEEEING.
    56 | D:1      | 56 ||| FLEEEEING.
    57 | D:1      | 57 ||| FLEEEEING.
    58 | D:1      | 58 ||| FLEEEEING.
   104 | D:1      | Reached skill level 3 in Ranged Weapons
   295 | D:1      | Reached XP level 3. HP: 21/21 MP: 4/4
   518 | D:1      | Found a faded altar of an unknown god.
   633 | D:1      | 633 ||| UPGRADING to +0 pair of boots.
   638 | D:1      | 638 ||| UPGRADING to +5 ring of evasion.
   639 | D:1      | 639 ||| READING 2 scrolls labelled REUZ ZOIDODUR.
   640 | D:1      | 640 ||| READING scroll labelled ATHADE KOCLOLO.
   641 | D:1      | 641 ||| DRINKING 2 fuming pink potions.
   642 | D:1      | 642 ||| DRINKING 2 ruby potions.
   643 | D:1      | 643 ||| DROPPING scroll of poison.
   644 | D:1      | 644 ||| DROPPING potion of attraction.
   941 | D:2      | Reached XP level 4. HP: 26/26 MP: 5/5
  1041 | D:2      | Reached skill level 4 in Ranged Weapons
  1076 | D:2      | 1076 ||| READING scroll labelled MIESCH TOWNIPSE.
  1077 | D:2      | 1077 ||| READING scroll labelled KIP BOSIVU.
  1081 | D:2      | 1081 ||| READING scroll labelled JULUIL PEUTHRAI.
  1082 | D:2      | 1082 ||| DRINKING 2 clear potions.
  1083 | D:2      | 1083 ||| READING 2 scrolls of identify.
  1083 | D:2      | 1083 ||| IDENTIFYING bubbling silvery potion
  1084 | D:2      | 1084 ||| DROPPING potion of degeneration.
  1114 | D:3      | 1114 ||| STAIRDANCE
  1146 | D:3      | 1146 ||| STAIRDANCE
  1166 | D:2      | HP: 1/26 [something/magic dart (6)]
  1168 | D:2      | Slain by an orc wizard

Levels and vault maps discovered:
D:1:      lemuel_arrival_hallway, layout_basic,
          dreamdust_ecumenical_altar_angels_and_demons
D:2:      layout_rooms
D:3:      layout_basic, grunt_temple_overflow_open

Skill      XL: |  1  2  3  4 |
---------------+-------------+-----
Ranged Weapons | 3 4 |  4.1
Fighting       | 2 |  2.0
Dodging        | |  1.5
Spellcasting   | |  1.0
Hexes          | |  2.6

Action                     |  1- 3 |  4- 6 || total
---------------------------+-------+-------++-------
   Fire: Sling             |   161 |    39 ||   200
    Use: Scroll            |     2 |     4 ||     6
         Potion            |     2 |     1 ||     3
 Armour: Robe              |    17 |    13 ||    30
  Dodge: Dodged            |    52 |    12 ||    64

Table legend:
 A = Non-vault XP
 B = Vault XP
 C = Vault XP percentage of total XP
 D = Non-vault monster count
 E = Vault monster count
 F = Vault count percentage of total count
                 A         B        C        D         E       F
            +---------+---------+-------+---------+---------+-------
      Total |     106 |       0 |   0.0 |      55 |       0 |   0.0
            +---------+---------+-------+---------+---------+-------
        D:1 |      47 |       0 |   0.0 |      28 |       0 |   0.0
        D:2 |      53 |       0 |   0.0 |      25 |       0 |   0.0
        D:3 |       6 |       0 |   0.0 |       2 |       0 |   0.0
            +---------+---------+-------+---------+---------+-------
